 Dungeon Crawl Stone Soup version 0.30.1-11-g7821555f0a (webtiles) character file.

Game seed: 5671098590238170398

595 Zeor the Poker (level 7, -2/44 HPs)
             Began as a Gargoyle Monk on Nov 2, 2023.
             Was a Believer of Vehumet.
             Slain by Menkaure (16 damage)
             ... on level 5 of the Dungeon on Nov 3, 2023.
             The game lasted 00:10:35 (4125 turns).

Zeor the Poker (Gargoyle Monk)                      Turns: 4125, Time: 00:10:35

Health: -2/44      AC:  6    Str: 15    XL:     7   Next: 40%
Magic:  10/10      EV: 13    Int: 12    God:    Vehumet [**....]
Gold:   188        SH:  0    Dex: 12    Spells: 9/11 levels left

rFire   . . .        a - +0 scythe
rCold   . . .        (shield currently unavailable)
rNeg    + + .        g - +0 robe
rPois   ∞            (no helmet)
rElec   +            (no cloak)
rCorr   .            (no gloves)
SInv    .            (no boots)
Will    .....        r - amulet of magic regeneration
Stlth   ++           i - ring of positive energy
HPRegen 0.27/turn    (no ring)
MPRegen 0.52/turn

%: no passive effects
@: no status effects
A: sickness immunity, AC +4, negative energy resistance 1, electricity
resistance, torment resistance 1, petrification resistance
a: Renounce Religion


You were on level 5 of the Dungeon.
You worshipped Vehumet.
Vehumet was pleased with you.
You visited 2 branches of the dungeon, and saw 6 of its levels.

You collected 188 gold pieces.

Inventory:

Hand Weapons
 a - a +0 scythe (weapon)
 b - a +0 quarterstaff
 o - a +1 spear
Armour
 d - an orb of light
 g - a +0 robe (worn)
Magical Staves
 n - a staff of fire
Jewellery
 i - a ring of positive energy (left hand)
 l - a ring of flight
 r - an amulet of magic regeneration (around neck)
Wands
 e - a wand of digging (6)
Scrolls
 h - 2 scrolls of teleportation
 k - a scroll of immolation
 q - a scroll of identify
 s - a scroll of amnesia
Potions
 c - 4 potions of ambrosia
 j - a potion of resistance
 m - a potion of magic {unknown}
 p - a potion of attraction {unknown}


   Skills:
 + Level 4.6 Fighting
 * Level 5.3 Polearms
 + Level 3.4 Dodging
 + Level 1.7 Stealth
 * Level 2.5 Spellcasting
 + Level 0.1 Ice Magic
 * Level 1.4 Earth Magic


You had 9 spell levels left.
You knew the following spells:

 Your Spells              Type           Power      Damage    Failure   Level
f - Freeze                Ice            4%         1d3       24%         1
s - Sandblast             Erth           8%         2d5       14%         1

Your spell library contained the following spells:

 Spells                   Type           Power      Damage    Failure   Level
 Summon Small Mammal      Summ           4%         N/A       26%         1
 Call Canine Familiar     Summ           1%         N/A       61%         3
 Summon Guardian Golem    Hex/Summ       1%         N/A       61%         3


Dungeon Overview and Level Annotations

Branches:
Dungeon (5/15)             Temple (1/1) D:4

Altars:
Elyvilon
Hepliaklqana
Makhleb
Nemelex Xobeh
Ru
Sif Muna
Vehumet
Yredelemnul
The Shining One

Annotations:
D:5 Menkaure


Innate Abilities, Weirdness & Mutations

You are immune to sickness and miasma.
Your stone body is resilient. (AC +4)
You are immune to poison.
You resist negative energy. (rN+)
You are resistant to electric shocks. (rElec)
You are resistant to unholy torment.
You are immune to petrification.


Message History

No target in view!
Found a stone staircase leading down.
h - 2 scrolls of teleportation (gained 1)
Found 9 stones.
You now have 188 gold pieces (gained 10).
You see here 9 stones.
Menkaure, Prince of Dust comes into view.
Menkaure shouts!
Menkaure casts a spell.
Menkaure seems to speed up.
Casting: Sandblast (safe; 14% risk of failure)
Confirm with . or Enter, or press ? or * to list all spells.
Aiming: Sandblast (safe; 14% risk of failure)
Press: ? - help, Shift-Dir - straight line, f - Menkaure
Aim: Menkaure (fast, 91% to hit)
The blast of sand hits Menkaure but does no damage.
Menkaure hits you!
You hit Menkaure.
Menkaure is lightly damaged.
Menkaure calls on the powers of darkness!
Your body is wracked with pain!
Menkaure barely misses you.
You hit Menkaure.
Menkaure is moderately damaged.
Menkaure barely misses you.
You hit Menkaure.
Menkaure is heavily damaged.
Menkaure hits you!!
Ouch! That really hurt!
* * * LOW HITPOINT WARNING * * *
Menkaure calls on the powers of darkness!
You feel a surge of unholy energy.
You feel better.
Menkaure points at you and mumbles some strange words.
Pain shoots through your body!
* * * LOW HITPOINT WARNING * * *
You are too injured to fight recklessly!
You barely miss Menkaure.
Menkaure is heavily damaged.
Menkaure hits you!
You die...

▒▒▒▒▒▒∙∙∙∙∙∙∙∙∙
▒∙∙∙∙∙∙∙∙∙∙∙∙
▒∙(∙∙∙∙▒▒∙∙∙∙ ▒▒▒
▒∙∙∙∙∙∙▒▒∙∙▒> ∙∙∙
▒∙∙∙∙∙∙▒▒∙∙∙∙ ▒∙▒
▒∙∙∙∙▒∙▒▒▒∙∙∙ ▒ ▒∙▒
▒∙∙▒∙▒∙▒▒∙∙∙∙
▒∙▒▒∙▒▒▒∙∙∙∙▒∙▒▒∙▒▒∙
▒∙∙9∙∙∙∙▒∙▒∙▒∙▒▒∙▒▒∙
∙∙∙∙∙∙M▒∙▒▒∙▒∙▒∙▒∙▒∙∙∙∙∙
∙∙∙∙∙∙∙▒∙▒▒∙▒∙▒∙▒∙▒∙∙▒▒▒
∙∙∙∙∙∙∙∙∙∙▒∙▒∙▒∙▒∙▒∙∙▒▒▒
∙∙∙∙∙∙∙∙∙∙▒∙▒∙▒∙▒∙▒∙∙∙∙∙
∙∙∙∙∙∙∙∙∙∙▒∙▒∙▒∙▒∙∙▒∙▒▒▒
∙∙∙∙∙∙∙∙∙∙∙∙∙∙∙∙∙∙∙∙∙▒
▒▒▒▒■▒∙∙∙<∙∙∙∙∙∙▒▒∙▒▒▒▒▒
▒∙∙∙∙∙∙∙∙∙∙∙∙∙∙∙∙∙∙


You could see Menkaure (fast).

Vanquished Creatures
  Sigmund (D:2)
  An ogre (D:4)
  2 scorpions
  2 iguanas (D:4)
  9 adders
  A white imp (D:5)
  An ufetubus (D:3)
  2 worms
  3 dart slugs
  2 orcs
  11 ball pythons
  5 endoplasms
  2 giant cockroaches
  11 goblins
  4 hobgoblins
  4 jackals (D:1)
  5 quokkas
  9 bats
  2 frilled lizards
  7 kobolds
  5 rats
89 creatures vanquished.

Notes
Turn   | Place    | Note
-------+----------+-------------------------------------------
     0 | D:1      | Zeor the Gargoyle Monk began the quest for the Orb.
     0 | D:1      | Reached XP level 1. HP: 14/14 MP: 1/1
    98 | D:1      | Reached XP level 2. HP: 18/19 MP: 2/2
   414 | D:1      | Reached skill level 3 in Polearms
   711 | D:2      | Reached XP level 3. HP: 20/24 MP: 3/3
  1067 | D:2      | Noticed Sigmund
  1099 | D:2      | Killed Sigmund
  1100 | D:2      | Reached skill level 4 in Polearms
  1100 | D:2      | Reached skill level 1 in Spellcasting
  1100 | D:2      | Reached XP level 4. HP: 13/30 MP: 4/6
  1100 | D:2      | Reached XP level 5. HP: 15/34 MP: 4/7
  1491 | D:3      | Reached XP level 6. HP: 39/39 MP: 8/8
  1731 | D:3      | Reached skill level 1 in Stealth
  2175 | D:3      | Found a sparkling altar of Nemelex Xobeh.
  2175 | D:3      | Found a white marble altar of Elyvilon.
  2182 | D:3      | Found a sacrificial altar of Ru.
  2184 | D:3      | Found a shimmering blue altar of Sif Muna.
  2186 | D:3      | Found a glowing golden altar of the Shining One.
  2902 | D:4      | Found a staircase to the Ecumenical Temple.
  2923 | Temple   | Entered the Ecumenical Temple
  2974 | Temple   | Became a worshipper of Vehumet
  2974 | Temple   | Reached * piety under Vehumet
  2974 | Temple   | Offered knowledge of Sandblast by Vehumet.
  2974 | Temple   | Reached ** piety under Vehumet
  2977 | Temple   | Learned a level 1 spell: Sandblast
  3049 | D:4      | Offered knowledge of Freeze by Vehumet.
  3094 | D:4      | Learned a level 1 spell: Freeze
  3292 | D:4      | Reached skill level 5 in Polearms
  3292 | D:4      | Reached XP level 7. HP: 10/44 MP: 10/10
  3461 | D:4      | Reached skill level 1 in Earth Magic
  3987 | D:5      | Entered Level 5 of the Dungeon
  4118 | D:5      | Noticed Menkaure
  4125 | D:5      | Slain by Menkaure

Illustrated notes

Levels and vault maps discovered:
D:1:      tarquinn_simple_flora_water_b, layout_basic
D:2:      layout_loops_cross, uniq_sigmund
D:3:      layout_basic, chequers_temple_overflow_minitemple, minmay_circle_x
D:4:      layout_loops_ring, minmay_temple_entry_glassed_door
D:5:      layout_basic, general_overflow_altar, uniq_eustachio, uniq_menkaure
Temple:   regret_index_temple_generic_petals

Skill      XL: |  1  2  3  4  5  6  7 |
---------------+----------------------+-----
Polearms       | 3 4 5 |  5.3
Fighting       | 4 |  4.6
Dodging        | 3 |  3.4
Spellcasting   | 1 2 |  2.5
Stealth        | 1 |  1.7
Earth Magic    | 1 |  1.4
Ice Magic      | |  0.1

Action                     |  1- 3 |  4- 6 |  7- 9 || total
---------------------------+-------+-------+-------++-------
  Melee: Spear             |   131 |     4 |       ||   135
         Halberd           |       |   142 |    77 ||   219
   Cast: Freeze            |       |     2 |     1 ||     3
         Sandblast         |       |       |     5 ||     5
    Use: Scroll            |     4 |     4 |       ||     8
         Potion            |     2 |     1 |     1 ||     4
   Stab: Sleeping          |       |     8 |     3 ||    11
 Armour: Robe              |    23 |    52 |    30 ||   105
         Skin              |     7 |       |       ||     7
  Dodge: Dodged            |    68 |   101 |    43 ||   212
